Map: Nightshade LE

Players

Rail

  • Race: Protoss Protoss
  • Spawn Location: 11:00

uThermal - Winner!

  • Race: Terran Terran
  • Spawn Location: 5:00

Event: IEM Katowice 2020

VOD

Have the link to the VOD?

Description

Time

  • Played on: Feb. 25, 2020, 9:08 a.m.
  • Length: 18:20

All games in this series

Show
View Real Time Build Order
Export as new Build Order

Rail Protoss 

Build Orders: 1 Gate Expand, Phoenix Opening, Colossus Rush 

Get SALT Encoding   

  12  0:00  Probe  
  13  0:13  Probe  
  14  0:18  Pylon  
  14  0:25  Probe (Chrono Boost)  
  15  0:37  Probe (Chrono Boost), Gateway  
  16  0:45  Probe (Chrono Boost)  
  16  0:46  Assimilator  
  17  0:51  Probe  
  18  1:03  Probe  
  19  1:17  Nexus  
  19  1:27  Cybernetics Core  
  19  1:30  Probe  
  20  1:35  Assimilator  
  20  1:42  Probe  
  20  1:44  Pylon  
  22  1:54  Probe  
  22  2:01  Adept (Chrono Boost)  
  22  2:06  Probe  
  25  2:13  Stargate  
  25  2:18  Probe  
  25  2:22  Warp Gate  
  26  2:27  Adept  
  28  2:30  Probe  
  28  2:35  Probe  
  30  2:43  Probe (Chrono Boost)  
  31  2:47  Probe (Chrono Boost)  
  32  2:55  Probe (Chrono Boost)  
  32  2:56  Phoenix (Chrono Boost)  
  32  2:57  Probe (Chrono Boost)  
  32  2:58  Adept  
  38  3:00  Probe (Chrono Boost)  
  38  3:02  Probe (Chrono Boost)  
  40  3:09  Probe  
  40  3:12  Pylon  
  41  3:13  Probe  
  29  3:20  Phoenix (Chrono Boost)  
  44  3:26  Probe  
  45  3:27  Probe  
  46  3:36  Gateway  
  46  3:38  Probe  
  47  3:43  Robotics Facility  
  47  3:44  Probe  
  48  3:52  Assimilator  
  48  3:53  Probe (Chrono Boost), Pylon  
  48  3:54  Assimilator  
  49  3:57  Probe (Chrono Boost)  
  50  4:06  Probe (Chrono Boost)  
  50  4:07  Probe (Chrono Boost)  
  52  4:10  Pylon  
  52  4:11  Probe (Chrono Boost)  
  52  4:15  Probe  
  54  4:20  Pylon  
  54  4:23  Probe  
  55  4:27  Probe  
  55  4:30  Robotics Bay  
  56  4:31  Twilight Council  
  56  4:32  Observer  
  56  4:35  Probe  
  56  4:37  Sentry, Zealot  
  56  4:38  Pylon  
  62  4:40  Shield Battery  
  62  4:43  Shield Battery  
  62  4:46  Phoenix  
  64  4:53  Gateway  
  64  4:54  Pylon  
  64  4:57  Gateway  
  64  5:01  Zealot  
  64  5:02  Zealot  
  68  5:12  Charge (Chrono Boost)  
  68  5:15  Nexus  
  68  5:24  Colossus (Chrono Boost)  
  74  5:32  Extended Thermal Lance  
  74  5:39  Pylon, Zealot  
  74  5:42  Zealot  
  78  5:45  Shield Battery  
  78  6:00  Zealot x2  
  78  6:02  Colossus (Chrono Boost)  
  82  6:07  Zealot x2  
  82  6:10  Probe x2  
  91  6:22  Probe x2, Zealot x2  
  94  6:27  Zealot x2  
  98  6:39  Phoenix  
  96  6:43  Probe  
  96  6:46  Zealot x2  
  91  6:49  Zealot  
  87  6:55  Probe  
  87  6:57  Probe x2, Observer  
  91  7:07  Probe (Chrono Boost)  
  92  7:13  Probe x2 (Chrono Boost)  
  94  7:19  Probe (Chrono Boost)  
  94  7:21  Sentry x2  
  94  7:22  Forge x2  
  100  7:24  Probe (Chrono Boost)  
  100  7:27  Probe (Chrono Boost), Stalker  
  100  7:28  Probe (Chrono Boost)  
  104  7:31  Probe (Chrono Boost)  
  104  7:35  Probe (Chrono Boost)  
  104  7:36  Probe  
  107  7:38  Probe, Shield Battery  
  107  7:41  Stalker  
  110  7:44  Pylon  
  110  7:46  Probe, Pylon  
  110  7:49  Probe  
  112  7:52  Protoss Ground Weapons Level 1 (Chrono Boost)  
  112  7:53  Probe  
  112  7:54  Protoss Ground Armor Level 1 (Chrono Boost)  
  113  8:02  Sentry, Pylon  
  113  8:03  Pylon  
  115  8:09  Pylon  
  115  8:13  Pylon  
  115  8:15  Nexus  
  115  8:18  Stalker, Zealot  
  119  8:23  Blink  
  119  8:28  Gateway  
  119  8:29  Gateway  
  119  8:33  Observer  
  120  8:35  Stalker, Sentry  
  120  8:38  Pylon  
  120  8:39  Stalker  
  120  8:41  Stalker  
  128  8:47  Shield Battery  
  128  8:55  Gateway  
  128  8:57  Gateway  
  128  8:58  Stalker, Zealot  
  128  9:00  Phoenix  
  128  9:01  Disruptor  
  137  9:05  Stalker  
  137  9:07  Zealot  
  141  9:20  Gateway  
  141  9:21  Gateway  
  141  9:24  Stalker x2  
  141  9:25  Stalker  
  141  9:27  Probe x2  
  141  9:28  Probe  
  141  9:31  Stalker  
  152  9:33  Stalker  
  152  9:36  Stalker  
  152  9:37  Protoss Ground Armor Level 2 (Chrono Boost)  
  156  9:44  Probe  
  157  9:47  Probe  
  157  9:50  Protoss Ground Weapons Level 2 (Chrono Boost)  
  158  9:53  Stalker x3  
  158  9:56  Pylon  
  166  10:05  Warp Prism  
  166  10:07  Stalker x2  
  166  10:10  Stalker  
  172  10:14  Stalker  
  172  10:16  Assimilator  
  172  10:19  Pylon  
  172  10:20  Stalker  
  176  10:23  Stalker  
  178  10:38  Stalker x5  
  188  10:43  Stalker  
  188  10:47  Pylon  
  190  10:52  Assimilator  
  190  10:53  Observer  
  190  10:54  Stalker  
  190  10:55  Robotics Facility  
  190  10:56  Stalker, Zealot  
  196  11:07  Photon Cannon  
  196  11:17  Stalker  
  196  11:18  Stalker x3  
  198  11:26  Stalker  
  198  11:28  Protoss Ground Armor Level 3 (Chrono Boost)  
  200  11:53  Stalker, Zealot x6  
  200  11:54  Zealot x2  
  186  11:58  Disruptor (Chrono Boost)  
  186  12:00  Zealot  
  174  12:07  Disruptor (Chrono Boost)  
  174  12:08  Protoss Ground Weapons Level 3 (Chrono Boost)  
  172  12:13  Zealot  
  172  12:14  Zealot x7  
  188  12:16  Stalker  
  188  12:21  Zealot  
  192  12:26  Disruptor  
  191  12:35  Zealot x3  
  154  12:39  Zealot  
  154  12:40  Zealot x3  
  154  12:43  Zealot x3  
  138  12:44  Disruptor  
  88  12:59  Stalker, Zealot  
  88  13:00  Zealot x5  
  88  13:03  Disruptor  
  103  13:20  Sentry x2  
  103  13:22  Disruptor (Chrono Boost)  
  103  13:26  Nexus  
  104  13:30  Stalker, Sentry  
  104  13:36  Probe x2  
  104  13:37  Assimilator  
  104  13:38  Assimilator  
  104  13:40  Colossus (Chrono Boost)  
  112  13:49  Stalker x3, Observer  
  112  13:53  Stalker  
  120  13:59  Stalker x2  
  124  14:07  Observer (Chrono Boost)  
  125  14:18  Stalker x2  
  129  14:26  Stalker, Colossus  
  129  14:28  Observer  
  137  14:32  Probe  
  137  14:33  Probe x2  
  136  14:45  Probe, Stalker, Zealot x3  
  144  14:58  Stalker, Zealot x3  
  150  15:05  Stalker  
  150  15:06  Stalker  
  144  15:08  Stalker  
  144  15:10  Stalker  
  148  15:18  Stalker x2  
  140  15:35  Stalker x2  
  132  15:36  Stalker x2  
  132  15:48  Stalker x3  
  130  15:58  Disruptor  
  130  15:59  Sentry  
  130  16:00  Stalker x2  
  130  16:01  Assimilator  
  137  16:15  Stalker x3  
  143  16:19  Stalker  
  143  16:20  Sentry, Zealot  
  143  16:23  Colossus  
  133  16:35  Stalker x2, Sentry  
  143  16:50  Stalker x2  
  143  16:51  Stalker, Zealot x2  
  145  17:13  Warp Prism (Chrono Boost)  
  145  17:14  Stalker x3, Sentry  
  145  17:15  Zealot x2  
  155  17:16  Stalker  
  159  17:23  Stalker x2  
  159  17:25  Stalker  
  165  17:36  Stalker x3  
  165  17:50  Stalker x2  
  134  18:08  Stalker x3  
  134  18:09  Zealot  
Show
View Real Time Build Order
Export as new Build Order

uThermal Terran - Winner!

Build Orders: Reaper Expand, Banshee Rush 

Get SALT Encoding   

  12  0:01  SCV  
  13  0:13  SCV  
  14  0:17  Supply Depot  
  14  0:25  SCV  
  15  0:39  SCV  
  15  0:40  Barracks  
  16  0:43  Refinery  
  16  0:51  SCV  
  17  1:03  SCV  
  18  1:15  SCV  
  19  1:28  Reaper, Orbital Command  
  20  1:39  Command Center  
  20  1:49  Supply Depot  
  20  1:54  SCV  
  20  2:00  Marine  
  22  2:06  SCV  
  23  2:08  Factory  
  23  2:18  Refinery  
  23  2:19  SCV  
  23  2:20  Barracks Reactor  
  24  2:31  SCV  
  25  2:43  SCV  
  26  2:51  Orbital Command  
  26  2:52  Hellion  
  26  2:53  Starport  
  26  2:55  SCV  
  26  2:56  Marine x2  
  31  3:07  SCV  
  32  3:13  Factory Tech Lab  
  32  3:14  Marine x2  
  32  3:16  SCV, Supply Depot  
  32  3:19  SCV  
  36  3:28  SCV  
  36  3:30  Starport Tech Lab  
  36  3:31  SCV  
  36  3:32  Marine x2  
  40  3:36  Cyclone  
  40  3:40  SCV  
  43  3:43  SCV  
  43  3:46  Bunker  
  42  3:48  Cloaking Field  
  42  3:50  Marine x2  
  42  3:52  SCV  
  45  3:56  Banshee  
  45  4:00  Supply Depot  
  45  4:01  SCV  
  49  4:04  SCV  
  49  4:07  Marine  
  49  4:08  Marine  
  52  4:12  Supply Depot  
  52  4:13  SCV  
  52  4:16  SCV  
  54  4:21  Siege Tank  
  54  4:22  Supply Depot  
  57  4:25  Marine  
  57  4:26  Marine  
  57  4:29  SCV x2  
  61  4:39  Banshee  
  61  4:41  SCV x2  
  61  4:43  Marine x2  
  61  4:45  Supply Depot  
  68  4:56  SCV x2, Command Center  
  70  5:00  Siege Tank  
  70  5:01  Marine x2  
  70  5:06  Supply Depot  
  75  5:08  SCV x2  
  77  5:17  Barracks  
  77  5:19  Barracks  
  77  5:21  Refinery  
  77  5:22  Refinery, Banshee  
  77  5:25  SCV  
  81  5:29  SCV  
  81  5:30  Supply Depot, Marine  
  83  5:39  Marine  
  83  5:40  SCV  
  83  5:41  SCV  
  86  5:44  Factory Reactor  
  86  5:47  Marine  
  87  5:51  Engineering Bay x2  
  87  5:52  SCV  
  87  5:53  SCV  
  89  5:58  Marine  
  90  6:04  SCV  
  91  6:12  Bunker  
  91  6:13  Bunker  
  91  6:14  Bunker  
  91  6:15  Stimpack, Bunker, Marine  
  91  6:17  Combat Shield, Marine  
  93  6:18  SCV  
  93  6:21  SCV, Starport Reactor  
  94  6:25  Marauder  
  94  6:26  Widow Mine  
  94  6:32  Marine, Widow Mine  
  98  6:33  Marauder  
  93  6:46  Marine  
  82  6:47  Marauder  
  82  6:50  SCV  
  82  6:51  Barracks  
  82  6:52  Barracks  
  76  6:54  SCV  
  76  6:55  Widow Mine x2  
  76  6:58  Marine  
  76  6:59  Marine  
  79  7:02  SCV  
  79  7:06  Medivac  
  79  7:07  SCV  
  80  7:10  Orbital Command  
  80  7:14  Marine x2  
  80  7:15  SCV  
  83  7:20  Terran Infantry Weapons Level 1, Terran Infantry Armor Level 1  
  83  7:22  SCV  
  84  7:24  Marine  
  84  7:25  Marine  
  84  7:27  SCV  
  84  7:28  Medivac  
  89  7:34  SCV  
  89  7:36  Medivac, Starport  
  92  7:37  SCV  
  92  7:39  SCV  
  92  7:40  Marine, Barracks Tech Lab x2  
  92  7:41  Factory Reactor  
  95  7:45  Missile Turret  
  95  7:46  Missile Turret  
  95  7:48  Marine  
  95  7:49  SCV  
  95  7:50  SCV  
  98  7:52  Concussive Shells, Missile Turret  
  98  7:55  Supply Depot, Marine x2  
  98  7:57  SCV  
  101  7:58  Marine  
  101  8:01  Marine  
  101  8:02  Supply Depot, Marine  
  101  8:03  Medivac  
  101  8:04  SCV  
  107  8:08  Medivac  
  107  8:11  SCV  
  107  8:12  Refinery  
  110  8:13  SCV, Refinery, Marauder  
  110  8:16  Viking  
  110  8:18  Viking  
  116  8:21  Marauder  
  116  8:25  Supply Depot  
  118  8:27  Marauder  
  118  8:30  Marauder  
  118  8:31  Widow Mine x2  
  126  8:36  Armory  
  126  8:37  Marine  
  126  8:38  Marauder  
  126  8:39  Missile Turret  
  129  8:45  Missile Turret  
  129  8:48  Supply Depot  
  129  8:49  Viking  
  129  8:50  Sensor Tower  
  129  8:51  Marauder  
  129  8:53  Marauder  
  135  8:56  Viking  
  135  8:59  Viking  
  135  9:02  SCV  
  140  9:06  Marine  
  140  9:09  Supply Depot  
  141  9:10  Viking, Marine  
  141  9:13  Ghost Academy  
  141  9:14  Marauder  
  141  9:16  Supply Depot, Marauder  
  147  9:18  Marauder  
  148  9:24  Supply Depot  
  148  9:31  Marauder, Widow Mine x2  
  154  9:32  Viking  
  154  9:36  Supply Depot  
  156  9:38  Supply Depot  
  156  9:39  Terran Infantry Weapons Level 2  
  156  9:42  Terran Infantry Armor Level 2  
  156  9:44  Supply Depot  
  158  9:45  Marauder  
  158  9:49  Supply Depot  
  158  9:51  Ghost  
  160  9:55  Ghost  
  162  10:07  Marauder, Marine x2  
  162  10:08  Command Center  
  162  10:09  Marine  
  167  10:14  Terran Ship Weapons Level 1  
  167  10:16  Enhanced Shockwaves  
  167  10:20  Viking, Marine  
  170  10:23  Viking, Marine  
  170  10:27  Marauder  
  174  10:30  Marauder, Marine x2  
  178  10:38  Marauder  
  178  10:42  Command Center  
  180  10:45  Marauder  
  180  10:49  Marauder  
  184  10:56  Marine  
  184  10:57  Marauder  
  187  10:59  Barracks x3  
  187  11:01  Marauder, Marine  
  190  11:04  SCV  
  190  11:05  Marine  
  190  11:09  Marine  
  193  11:14  Marine  
  193  11:18  Marauder  
  193  11:19  Marine  
  193  11:23  Marauder  
  193  11:24  Marauder  
  195  11:28  Marauder  
  195  11:32  Marine  
  198  11:36  Marine  
  199  11:43  Marine  
  199  11:45  Marine  
  196  11:47  Marauder, Marine  
  196  11:49  Marauder  
  196  11:50  Marine  
  196  11:54  Marine  
  185  12:02  Marauder, Marine  
  185  12:03  Marauder, Marine  
  185  12:07  Terran Infantry Weapons Level 3, Terran Infantry Armor Level 3  
  191  12:09  Marauder  
  191  12:11  Marauder, Marine  
  191  12:12  Liberator  
  188  12:38  Liberator  
  181  12:45  Marine x2  
  181  12:46  Marauder x2  
  181  12:51  Marauder, Marine  
  159  12:54  Marine, Liberator  
  159  12:55  Marauder  
  159  12:56  Planetary Fortress  
  159  12:58  SCV  
  164  13:00  Liberator x2  
  164  13:01  Marine  
  164  13:03  Planetary Fortress, Marine  
  164  13:04  SCV  
  170  13:07  Marauder x2  
  170  13:09  Marine  
  170  13:12  SCV, Marine  
  151  13:13  Marauder  
  151  13:16  SCV, Marauder  
  148  13:20  Marine  
  148  13:21  Liberator  
  146  13:28  Marauder, Marine  
  146  13:29  Marauder, Marine  
  146  13:30  SCV x2  
  146  13:32  SCV  
  155  13:34  Marauder  
  155  13:36  Liberator  
  155  13:40  Marine  
  163  13:41  Marauder  
  163  13:42  SCV x2, Missile Turret  
  163  13:44  Missile Turret  
  165  13:48  Marine  
  165  13:49  Fusion Core  
  165  13:54  Liberator  
  169  13:55  Marine  
  169  13:56  Marauder  
  169  13:58  Marauder, Marine  
  169  13:59  Marine  
  169  14:02  Terran Ship Weapons Level 2  
  176  14:05  Liberator  
  176  14:07  Marauder, Marine  
  184  14:12  Marine  
  184  14:13  Marine  
  186  14:17  Marauder  
  186  14:19  Barracks Tech Lab x2  
  186  14:20  Ghost x2  
  186  14:22  Viking  
  192  14:24  Viking  
  192  14:28  Ghost  
  193  14:31  Marine  
  193  14:34  Marine  
  193  14:37  Advanced Ballistics, Marauder, Marine  
  194  14:39  Marauder, Marine  
  194  14:40  Refinery x2  
  195  14:49  Marauder x2, Marine  
  200  14:57  Marauder  
  197  15:02  Marine  
  197  15:03  Marauder, Liberator  
  198  15:23  Marauder  
  188  15:31  Liberator  
  188  15:33  Marine  
  188  15:34  Marauder x2, Marine  
  159  15:35  Liberator  
  159  15:37  Marauder, Marine x3  
  159  15:40  Command Center x2  
  145  15:44  Marine  
  145  15:45  Liberator  
  145  15:46  Liberator  
  142  15:51  Marine x2  
  142  15:54  Marine  
  142  15:55  Marauder x3, Marine  
  145  15:59  Marauder  
  145  16:02  Marine  
  148  16:09  Marine x2  
  148  16:12  Marine  
  148  16:13  Marauder  
  148  16:14  Barracks, Liberator  
  148  16:16  Marauder, Barracks  
  148  16:17  Marauder x2  
  160  16:18  Liberator  
  160  16:20  Marauder, Marine  
  164  16:27  Marine x2  
  164  16:30  Marine  
  156  16:33  Liberator  
  156  16:35  Marauder  
  156  16:36  Liberator  
  156  16:37  Marine x2  
  156  16:38  Marauder x2  
  167  16:42  Marauder  
  167  16:44  Marine  
  167  16:45  Marine  
  171  16:48  Marine  
  172  16:56  Marauder x2, Orbital Command, Marine  
  172  16:59  Marauder, Marine  
  176  17:11  Planetary Fortress  
  176  17:13  Liberator  
  179  17:20  Marauder, Marine  
  182  17:23  Liberator  
  182  17:26  Marauder, Marine  
  188  17:30  Marine  
  188  17:31  Marauder  
  188  17:34  Marine  
  188  17:35  Marauder  
  194  17:47  Marauder, Marine  
  185  17:59  Marine  
  185  18:00  Marine  
  185  18:01  Marine  
  185  18:02  Marine x2  

Tags
 
Add a new tag
Caveats
  • Supply blocks, unpowered buildings, or Contaminate may cause inaccurate times.
  • Supply counts are checked every 10 seconds.